 Dungeon Crawl Stone Soup version 0.26-a0-639-g72c4674329 (webtiles) character file.

Game seed: 9593120216343185620

602 Peloso the Slasher (level 7, -1/55 HPs)
             Began as a Demonspawn Fighter on Sept 18, 2020.
             Killed from afar by an orc wizard (5 damage)
             ... with a magic dart
             ... on level 4 of the Dungeon.
             The game lasted 00:09:45 (4101 turns).

Peloso the Slasher (Demonspawn Fighter)             Turns: 4101, Time: 00:09:46

Health: -1/55      AC:  9    Str: 18    XL:     7   Next: 18%
Magic:  0/7        EV:  5    Int:  9    God:
Gold:   184        SH:  9    Dex: 13    Spells: 6/6 levels left

rFire    + . .     SeeInvis .   a - +0 long sword
rCold    . . .     Faith    .   c - +0 kite shield
rNeg     . . .     Spirit   +   j - +0 chain mail
rPois    .         Reflect  .   (no helmet)
rElec    .         Harm     .   (no cloak)
rCorr    .         Rampage  .   (no gloves)
MR       .....                  (no boots)
Stlth    ..........             o - amulet of guardian spirit
HPRegen  0.18/turn              (no ring)
MPRegen  0.10/turn              (no ring)

@: slowed, very slow
A: claws 1, fire resistance 1, magic shield
a: no special abilities


You were on level 4 of the Dungeon.
You visited 1 branch of the dungeon, and saw 5 of its levels.

You collected 184 gold pieces.

Inventory:

Hand Weapons
 a - a +0 long sword (weapon)
 b - a +1 dagger of flaming
Missiles
 e - 36 bolts
Armour
 c - a +0 kite shield (worn)
 j - a +0 chain mail (worn)
Jewellery
 o - an amulet of guardian spirit (around neck)
Scrolls
 k - a scroll of magic mapping
 n - a scroll of remove curse
 p - a scroll of enchant armour
Potions
 d - a potion of stabbing
 g - a potion of flight
 h - a potion of heal wounds
 i - 2 potions of curing
 l - a potion of haste
 m - a potion of might


   Skills:
 + Level 4.3 Fighting
 + Level 4.6 Long Blades
 + Level 4.0 Armour
 + Level 1.1 Dodging
 + Level 4.2 Shields


You had 6 spell levels left.
You didn't know any spells.
Your spell library was empty.

Dungeon Overview and Level Annotations

Branches:
Dungeon (5/15)
 Temple: D:4-7

Altars:
Ashenzari
Kikubaaqudgha
Qazlal
Trog
Vehumet


Innate Abilities, Weirdness & Mutations

You have sharp fingernails.
Your flesh is heat resistant. (rF+)
When hurt, damage is shared between your health and your magic reserves.


Message History

The orc hits you but does no damage. The iguana closely misses you.
You block the orc wizard's attack.
The orc wizard casts a spell.
The orc wizard blinks!
You block the iguana's attack.
You closely miss the iguana.
The iguana is lightly wounded.
The iguana bites you. x2; The orc hits you with a +0 flail.
Unknown command.
Your shield and chain mail prevent you from hitting the iguana.
The iguana is lightly wounded.
The orc hits you but does no damage. The iguana bites you!
* * * LOW HITPOINT WARNING * * *
The orc hits you but does no damage. x2; The iguana bites you!
* * * LOW HITPOINT WARNING * * *
You hit the iguana but do no damage.
The iguana is lightly wounded.
The orc hits you but does no damage. You block the iguana's attack. x2
The orc wizard casts a spell at you. The magic dart hits you.
You die...

.......................'.........
.......................#.........
.......................#.........
.......................#....)....
######.####..####...#########...#
....##.##########...####.########
.....#.........#o................
.....+....>....#oo[).)...........
.....#.........#@l...............
...###...##+######..##...##....##
...########....###..##...##....##
.........................#.....#.
†........................#.....#.
.........................#.....#.
.........................'.....+.
...####..###....####.....########
...####..###....####.....####..##


You could see an iguana, an orc wizard (fast) and 2 orcs.

Vanquished Creatures
  Duvessa (D:4)
  A centaur (D:5)
  Dowan (D:4)
  2 orc priests
  A bullfrog skeleton (D:4)
  An iguana (D:4)
  3 orc wizards (D:4)
  2 worker ants (D:4)
  A hound skeleton (D:4)
  2 adders (D:2)
  An adder skeleton (D:4)
  2 worms (D:2)
  3 leopard geckos
  16 orcs
  2 ball pythons
  4 bats
  3 giant cockroaches (D:2)
  10 goblins
  6 hobgoblins
  5 jackals
  2 quokkas
  6 frilled lizards
  A jackal zombie (D:5)
  5 kobolds
  5 rats
86 creatures vanquished.

Notes
Turn   | Place    | Note
-------+----------+-------------------------------------------
     0 | D:1      | Peloso the Demonspawn Fighter began the quest for the Orb.
     0 | D:1      | Reached XP level 1. HP: 18/18 MP: 1/1
   298 | D:1      | Gained mutation: When hurt, damage is shared between your
                  | health and your magic reserves. [demonic ancestry]
   298 | D:1      | Reached XP level 2. HP: 24/24 MP: 2/2
  1037 | D:2      | Gained mutation: Your flesh is heat resistant. (rF+)
                  | [demonic ancestry]
  1037 | D:2      | Reached XP level 3. HP: 29/29 MP: 3/3
  1372 | D:2      | Found a stormy altar of Qazlal.
  1372 | D:2      | Found a radiant altar of Vehumet.
  1378 | D:2      | Found an ancient bone altar of Kikubaaqudgha.
  1513 | D:2      | Found a bloodstained altar of Trog.
  2238 | D:2      | Gained mutation: You have sharp fingernails. [demonic
                  | ancestry]
  2238 | D:2      | Reached XP level 4. HP: 30/37 MP: 4/4
  2539 | D:3      | Noticed an ice beast
  2824 | D:4      | Noticed Duvessa
  2824 | D:4      | Noticed Dowan
  2833 | D:4      | Killed Duvessa
  2833 | D:4      | Reached XP level 5. HP: 32/42 MP: 5/5
  2850 | D:4      | Killed Dowan
  2850 | D:4      | Reached XP level 6. HP: 34/48 MP: 4/6
  3169 | D:4      | Found a shattered altar of Ashenzari.
  3853 | D:5      | Entered Level 5 of the Dungeon
  3873 | D:5      | Reached skill level 1 in Dodging
  3873 | D:5      | Reached XP level 7. HP: 33/54 MP: 4/7
  4101 | D:4      | Killed from afar by an orc wizard

Illustrated notes

Levels and vault maps discovered:
D:1:      nzn_arrival_water_spiral, layout_basic, minmay_misc_feat_hallway
D:2:      layout_basic, grunt_temple_overflow_open
D:3:      layout_rooms
D:4:      layout_gridville, lemuel_crystal_altar, minmay_misc_feat_square,
          uniq_duvessa
D:5:      cheibrodos_thug_alley, layout_rooms, minmay_temple_entry_junction_2,
          st_stairs_10

Skill      XL: |  1  2  3  4  5  6  7 |
---------------+----------------------+-----
Long Blades    | 2 3 4 |  4.6
Armour         | 3 4 |  4.0
Shields        | 3 4 |  4.2
Fighting       | 4 |  4.3
Dodging        | 1 |  1.1

Action                   |  1- 3 |  4- 6 |  7- 9 || total
-------------------------+-------+-------+-------++-------
Melee: Long sword        |   141 |   182 |    34 ||   357
  Use: Potion            |     1 |     3 |     1 ||     5
       Scroll            |     2 |     5 |       ||     7
Armor: Scale mail        |    45 |       |       ||    45
       Chain mail        |    21 |   119 |    44 ||   184
Dodge: Dodged            |    40 |    25 |    18 ||    83
Block: Kite shield       |    64 |   108 |    39 ||   211
       Rpst.: Long sword |    10 |     5 |     4 ||    19

Table legend: (Time is in decaauts)
 A = Elapsed time spent in this place.
 B = Non-inter-level travel time spent in this place.
 C = Inter-level travel time spent in this place.
 D = Time resting spent in this place.
 E = Time spent auto-exploring this place.
 F = Levels seen in this place.
 G = Mean time per level.
                   A        B        C        D        E       F      G
               +--------+--------+--------+--------+--------+-----+--------+
         Total |   4254 |   4146 |    108 |    768 |   2267 |   5 |  850.8 |
       Dungeon |   4254 |   4146 |    108 |    768 |   2267 |   5 |  850.8 |
               +--------+--------+--------+--------+--------+-----+--------+

Top non-repeatable levels by time:
     D:2: 1751 daAuts
     D:4: 1291 daAuts
     D:1: 996 daAuts
     D:3: 154 daAuts
     D:5: 61 daAuts
